 Dungeon Crawl Stone Soup version 0.20.0-6-gd3061e9 (webtiles) character file.

322 xgamer67 the Sneak (level 6, -16/41 HPs)
             Began as a Halfling Ice Elementalist on May 28, 2017.
             Was a Follower of Nemelex Xobeh.
             Killed by a card of wild magic (23 damage)
             ... on level 5 of the Dungeon.
             The game lasted 00:13:27 (4138 turns).

xgamer67 the Sneak (Halfling Ice Elementalist)      Turns: 4138, Time: 00:13:28

Health: -16/41     AC:  4    Str:  9    XL:     6   Next: 76%
Magic:  8/8        EV: 15    Int: 13    God:    Nemelex Xobeh [*.....]
Gold:   175        SH:  0    Dex: 17    Spells: 2/8 levels left

rFire    + . .     SeeInvis +   a - +0 short sword (drain)
rCold    . . .     Gourm    .   (shield restricted)
rNeg     . . .     Faith    .   j - +0 leather armour
rPois    .         Spirit   .   (no helmet)
rElec    .         Reflect  .   (no cloak)
rCorr    .         Harm     .   (no gloves)
MR       .....                  t - +0 pair of boots
Stlth    +++.......             (no amulet)
Regen    0.2/turn               l - ring of see invisible
MPRegen  0.2/turn               D - ring of protection from fire

@: no status effects
A: mutation resistance 1
a: Renounce Religion


You were on level 5 of the Dungeon.
You worshipped Nemelex Xobeh.
Nemelex Xobeh was aware of your devotion.
You were hungry.

You visited 1 branch of the dungeon, and saw 5 of its levels.

You collected 175 gold pieces.

Inventory:

Hand Weapons
 a - a +0 short sword of draining (weapon)
 e - a +0 hunting sling
 g - a +0 dagger
 o - a +0 hunting sling
 y - a +0 dagger of speed
Missiles
 r - 46 stones (quivered)
 E - 35 poisoned needles
Armour
 j - a +0 leather armour (worn)
 k - a +0 ring mail
 t - a +0 pair of boots (worn)
Jewellery
 l - a ring of see invisible (left hand)
 D - a ring of protection from fire (right hand)
Scrolls
 d - a scroll of amnesia
 f - a scroll of fog
 h - 2 scrolls of fear
 u - 2 scrolls of teleportation
 w - a scroll of immolation {unknown}
 C - a scroll of blinking {unknown}
 F - a scroll of recharging {unknown}
Potions
 i - 2 potions of curing
 m - a potion of mutation {unknown}
 n - a potion of lignification {unknown}
 p - a potion of haste {unknown}
 x - a potion of ambrosia {unknown}
 z - 3 potions of magic {unknown}
 A - a potion of heal wounds {unknown}
Books
 b - a book of Frost

   Spells                             Type                      Level
   a - Freeze                         Ice                          1
   b - Throw Frost                    Conjuration/Ice              2
   c - Ozocubu's Armour               Charms/Ice                   3
   d - Throw Icicle                   Conjuration/Ice              4
   e - Summon Ice Beast               Ice/Summoning                4
Miscellaneous
 q - a plain deck of summoning {drawn: 1}
 B - a plain deck of destruction {drawn: 1}
Comestibles
 c - a bread ration
 s - a royal jelly
 v - 3 meat rations


   Skills:
 + Level 2.9 Fighting
 + Level 2.5 Dodging
 - Level 4.2 Stealth
 - Level 1.5 Spellcasting
 - Level 0.7 Conjurations
 - Level 3.2 Charms
 - Level 4.0 Ice Magic


You had 2 spell levels left.
You knew the following spells:

 Your Spells              Type           Power        Failure   Level  Hunger
a - Freeze                Ice            ##..         8%          1    ##.....
b - Throw Frost           Conj/Ice       #.....       22%         2    ###....
A - Ozocubu's Armour      Chrm/Ice       ##......     26%         3    ####...


Dungeon Overview and Level Annotations

Branches:
Dungeon (5/15)
 Temple: D:4-7

Altars:
Gozag
Nemelex Xobeh
Xom

Annotations:
D:3 Sigmund
D:4 exclusions: howler monkey, iguana, orc and orc wizard
D:5 Menkaure


Innate Abilities, Weirdness & Mutations

You are small and have problems with some larger weapons.
You are somewhat resistant to further mutation.


Message History

You hit the worker ant zombie but do no damage.
The worker ant zombie is severely damaged.
The worker ant zombie completely misses you.
You hit the worker ant zombie but do no damage.
The worker ant zombie is severely damaged.
The worker ant zombie bites you.
* * * LOW HITPOINT WARNING * * *
You hit the worker ant zombie.
The worker ant zombie is severely damaged.
The worker ant zombie bites you.
* * * LOW HITPOINT WARNING * * *
That item cannot be evoked!
Evoke which item? (* to show all) (? for menu, Esc to quit)
You draw a card...
It is Wild Magic.
The worker ant zombie is caught in a violent explosion!
The explosion engulfs the worker ant zombie.
The explosion engulfs you!
Ouch! That really hurt!
You die...
Your body glows slightly and disappears.

#......... #####
#.........
#...####.........
#................
.....
#................
.....
#...<............
.....
#................
.....
#........@...?...
.....
###....####.Z......
.....
#......####........
.....
#....#......)......
.....
#....######........
..r.. ####....#
#........ .....
#.....###........
.....
#................
..... #....####....
.....


You could see a worker ant zombie.

Vanquished Creatures
  A hound (D:4)
  4 worker ants (D:4)
  5 adders
  2 worms (D:2)
  2 dart slugs
  3 leopard geckos
  3 giant cockroaches
  8 goblins
  5 hobgoblins (D:2)
  5 kobolds
  A ball python (D:2)
  3 bats
  4 frilled lizards
  6 rats
52 creatures vanquished.

Vanquished Creatures (collateral kills)
  The ghost of Syneil the Cudgeler, an amateur OgHu of Ashenzari (D:4)
  A hound (D:4)
  An adder (D:4)
3 creatures vanquished.

Grand Total: 55 creatures vanquished

Notes
Turn   | Place    | Note
-------+----------+-------------------------------------------
     0 | D:1      | xgamer67 the Halfling Ice Elementalist began the quest for the Orb.
     0 | D:1      | Reached XP level 1. HP: 11/11 MP: 3/3
   122 | D:1      | Reached XP level 2. HP: 17/17 MP: 0/4
  1103 | D:1      | Reached XP level 3. HP: 13/21 MP: 5/5
  1108 | D:1      | Learned a level 3 spell: Ozocubu's Armour
  1394 | D:2      | Reached skill level 1 in Charms
  1434 | D:2      | Found a sparkling altar of Nemelex Xobeh.
  1435 | D:2      | Found an opulent altar of Gozag.
  1440 | D:2      | Became a worshipper of Nemelex Xobeh the Trickster
  1465 | D:2      | Received a gift from Nemelex Xobeh
  2033 | D:2      | Reached XP level 4. HP: 16/27 MP: 1/6
  2546 | D:3      | Found a shimmering altar of Xom.
  2596 | D:3      | Learned a level 2 spell: Throw Frost
  2638 | D:3      | Found an opulent altar of Gozag.
  2669 | D:3      | Noticed Sigmund
  2782 | D:4      | Reached XP level 5. HP: 20/32 MP: 1/7
  2937 | D:4      | Reached skill level 1 in Fighting
  3085 | D:4      | Reached * piety under Nemelex Xobeh
  3097 | D:4      | Received a gift from Nemelex Xobeh
  3421 | D:4      | Reached XP level 6. HP: 36/39 MP: 8/8
  3665 | D:4      | Noticed Syneil's ghost (amateur OgHu)
  3726 | D:4      | Killed Syneil's ghost
  4022 | D:5      | Entered Level 5 of the Dungeon
  4022 | D:5      | Noticed Menkaure
  4138 | D:5      | Killed by a card of wild magic

Skill      XL: |  1  2  3  4  5  6 |
---------------+-------------------+-----
Ice Magic      | 4 |  4.0
Charms         | 2 3 |  3.2
Fighting       | 2 |  2.9
Stealth        | 3 4 |  4.2
Dodging        | |  2.5
Spellcasting   | |  1.5
Conjurations   | |  0.7

Action                   |  1- 3 |  4- 6 || total
-------------------------+-------+-------++-------
Melee: Dagger            |    92 |       ||    92
       Unarmed           |     3 |       ||     3
       Short sword       |    21 |    86 ||   107
Throw: Stone             |       |     5 ||     5
 Cast: Freeze            |    19 |    15 ||    34
       Throw Frost       |       |     1 ||     1
Evoke: Deck              |       |     1 ||     1
  Use: Scroll            |     5 |     2 ||     7
 Stab: Sleeping          |     3 |     4 ||     7
  Eat: Chunk             |     1 |     5 ||     6
       Bread ration      |     1 |       ||     1
Armor: Leather armour    |    13 |    23 ||    36
Dodge: Dodged            |    81 |    63 ||   144
